 Dungeon Crawl Stone Soup version 0.23-a0-584-g44dd78f (webtiles) character file.

66 Leeroy the Charmwright (level 4, 0/38 HPs)
             Began as a Gnoll Skald on Dec 17, 2018.
             Killed by nerve-wracking pain
             ... invoked by a shadow imp
              (7 damage)
             ... on level 3 of the Dungeon.
             The game lasted 00:05:12 (1790 turns).

Leeroy the Charmwright (Gnoll Skald)                Turns: 1790, Time: 00:05:13

Health: 0/38       AC:  3    Str: 13    XL:     4   Next: 15%
Magic:  6/11       EV: 20    Int: 16    God:
Gold:   142        SH:  0    Dex: 20    Spells: 2/13 levels left

rFire    . . .     SeeInvis .   a - +0 falchion
rCold    . . .     Gourm    .   (no shield)
rNeg     . . .     Faith    .   b - +0 leather armour
rPois    .         Spirit   .   (no helmet)
rElec    .         Reflect  .   (no cloak)
rCorr    .         Harm     .   (no gloves)
MR       .....                  (no boots)
Stlth    +++.......             (no amulet)
HPRegen  0.12/turn              (no ring)
MPRegen  0.12/turn              (no ring)

@: agile, shrouded (expiring)
A: distributed training, fangs 1, strong nose
a: no special abilities


You were on level 3 of the Dungeon.
You were not hungry.

You visited 1 branch of the dungeon, and saw 3 of its levels.

You collected 142 gold pieces.

Inventory:

Hand Weapons
 a - a +0 falchion (weapon)
 g - a cursed -3 short sword
 h - a +0 dagger
Missiles
 c - 33 arrows
 e - 115 stones (quivered)
 m - 39 sling bullets
 o - 15 poisoned needles
Armour
 b - a +0 leather armour (worn)
 k - a cursed +0 leather armour
 l - a +0 large shield
 s - a cursed +0 plate armour
 t - a +0 plate armour
Jewellery
 f - an uncursed ring of protection from cold {unknown}
 i - an uncursed amulet of rage {unknown}
 n - an uncursed ring of wizardry {unknown}
Wands
 u - a wand of flame (16)
Scrolls
 j - a scroll of magic mapping
 q - a scroll of fear {unknown}
 r - a scroll of identify {unknown}
Comestibles
 d - 4 rations


   Skills:
 + Level 4.6 Fighting
 + Level 1.0 Short Blades
 + Level 4.6 Long Blades
 + Level 1.0 Axes
 + Level 1.0 Maces & Flails
 + Level 1.0 Polearms
 + Level 1.0 Staves
 + Level 1.0 Slings
 + Level 1.0 Bows
 + Level 1.0 Crossbows
 + Level 1.0 Throwing
 + Level 2.7 Armour
 + Level 4.6 Dodging
 + Level 1.0 Stealth
 + Level 1.0 Shields
 + Level 1.0 Unarmed Combat
 + Level 5.0 Spellcasting
 + Level 0.7 Conjurations
 + Level 0.7 Hexes
 + Level 5.4 Charms
 + Level 0.7 Summonings
 + Level 0.7 Necromancy
 + Level 0.7 Translocations
 + Level 0.7 Transmutations
 + Level 0.7 Fire Magic
 + Level 0.7 Ice Magic
 + Level 0.7 Air Magic
 + Level 0.7 Earth Magic
 + Level 0.7 Poison Magic
 + Level 1.1 Invocations
 + Level 1.0 Evocations


You had 2 spell levels left.
You knew the following spells:

 Your Spells              Type           Power        Failure   Level  Hunger
a - Infusion              Chrm           ###.         1%          1    None
b - Song of Slaying       Chrm           ###.....     3%          2    #......
c - Shroud of Golubria    Chrm/Tloc      ##........   9%          2    #......
d - Regeneration          Chrm/Necr      ##........   16%         3    ###....
e - Spectral Weapon       Hex/Chrm       ##......     16%         3    ###....

Your spell library contained the following spells:

 Spells                   Type           Power        Failure   Level  Hunger


Dungeon Overview and Level Annotations

Branches:
Dungeon (3/15)

Altars:
Ru

Annotations:
D:3 1 transporter


Innate Abilities, Weirdness & Mutations

Your experience applies equally to all skills.
You have very sharp teeth.
Your uncanny sense of smell can sniff out nearby items.


Message History

Unknown command.
You open the door.
There is an open door here.
You see here a dented fluorescent amulet.
Press: ? - help, v - describe, . - travel
Here: a shadow imp (fire blocked by a translucent stone wall)
The floor.
i - a dented fluorescent amulet
There is a transporter here.
You see here 9 gold pieces.
You now have 129 gold pieces (gained 9).
Your shroud begins to fray at the edges.
Your spectral weapon fades away.
There is a transporter here.
You see here 13 gold pieces.
You now have 142 gold pieces (gained 13).
The shadow imp lashes its tail.
The shadow imp gestures at you. Pain shoots through your body!
You die...

............#.##
###################.#####.#.#
#.................#.#######.#
#.###############.#.........#
#.#8P#....5o5#≈8#.#.#########
##.#P.#≈≈≈≈≈≈≈#.P#.#.#
...#..#..≈≈≈..#..#...#
..©#©.'..≈⌠≈..'.©#©..#
#..#..#..≈P≈..#.@#..##
##.#P.#≈≈≈≈≈≈≈#.P#.##
#.#8P#.....o5#≈8#.#
#.###############.#
#.................#
###################


You could see 2 orc priests and 3 shadow imps.

Vanquished Creatures
  3 adders
  2 leopard geckos
  2 giant cockroaches
  2 goblins
  4 hobgoblins
  4 jackals (D:2)
  A ball python (D:2)
  5 bats
  5 frilled lizards
  5 kobolds
  5 rats
38 creatures vanquished.

Notes
Turn   | Place    | Note
-------+----------+-------------------------------------------
     0 | D:1      | Leeroy the Gnoll Skald began the quest for the Orb.
     0 | D:1      | Reached XP level 1. HP: 20/20 MP: 6/6
    63 | D:1      | You fall through a shaft!
   149 | D:2      | Found a sacrificial altar of Ru.
   203 | D:2      | Reached XP level 2. HP: 21/26 MP: 7/7
   214 | D:2      | Learned a level 2 spell: Song of Slaying
   217 | D:2      | Learned a level 2 spell: Shroud of Golubria
   424 | D:1      | Reached XP level 3. HP: 31/31 MP: 9/9
   574 | D:1      | Reached skill level 5 in Spellcasting
  1066 | D:1      | Learned a level 3 spell: Regeneration
  1070 | D:1      | Learned a level 3 spell: Spectral Weapon
  1130 | D:2      | Reached skill level 1 in Invocations
  1544 | D:3      | Reached skill level 1 in Short Blades
  1544 | D:3      | Reached skill level 1 in Axes
  1544 | D:3      | Reached skill level 1 in Maces & Flails
  1544 | D:3      | Reached skill level 1 in Polearms
  1544 | D:3      | Reached skill level 1 in Staves
  1544 | D:3      | Reached skill level 1 in Slings
  1544 | D:3      | Reached skill level 1 in Bows
  1544 | D:3      | Reached skill level 1 in Crossbows
  1544 | D:3      | Reached skill level 1 in Throwing
  1544 | D:3      | Reached skill level 1 in Stealth
  1544 | D:3      | Reached skill level 1 in Shields
  1544 | D:3      | Reached skill level 1 in Unarmed Combat
  1544 | D:3      | Reached skill level 1 in Evocations
  1552 | D:3      | Reached XP level 4. HP: 32/38 MP: 11/11
  1705 | D:3      | Found a transporter.
  1721 | D:3      | Found a transporter.
  1790 | D:3      | Killed from afar by a shadow imp

Vault maps used:
D:1:      shiori_shiawase, minivault_23
D:2:      nicolae_ru_sacrificial_ziggurat
D:3:      gammafunk_wand_slinger

Skill      XL: |  1  2  3 |
---------------+----------+-----
Spellcasting   | 5 |  5.0
Invocations    | 1 |  1.1
Short Blades   | 1 |  1.0
Axes           | 1 |  1.0
Maces & Flails | 1 |  1.0
Polearms       | 1 |  1.0
Staves         | 1 |  1.0
Slings         | 1 |  1.0
Bows           | 1 |  1.0
Crossbows      | 1 |  1.0
Throwing       | 1 |  1.0
Stealth        | 1 |  1.0
Shields        | 1 |  1.0
Unarmed Combat | 1 |  1.0
Evocations     | 1 |  1.0
Fighting       | |  4.6
Long Blades    | |  4.6
Armour         | |  2.7
Dodging        | |  4.6
Conjurations   | |  0.7
Hexes          | |  0.7
Charms         | |  5.4
Summonings     | |  0.7
Necromancy     | |  0.7
Translocations | |  0.7
Transmutations | |  0.7
Fire Magic     | |  0.7
Ice Magic      | |  0.7
Air Magic      | |  0.7
Earth Magic    | |  0.7
Poison Magic   | |  0.7

Action                   |  1- 3 |  4- 6 || total
-------------------------+-------+-------++-------
Melee: Falchion          |    91 |    14 ||   105
       Bite              |     5 |       ||     5
 Cast: Regeneration      |       |     1 ||     1
       Shroud of Golubri |       |     1 ||     1
       Spectral Weapon   |       |     1 ||     1
  Use: Scroll            |     2 |       ||     2
       Potion            |       |     2 ||     2
 Stab: Sleeping          |     2 |       ||     2
  Eat: Chunk             |     2 |       ||     2
       Ration            |       |     1 ||     1
Armor: Leather armour    |    29 |     2 ||    31
Dodge: Dodged            |   103 |     5 ||   108
       Rpst.: Falchion   |    28 |     1 ||    29

Table legend:
 A = Non-vault XP
 B = Vault XP
 C = Vault XP percentage of total XP
 D = Non-vault monster count
 E = Vault monster count
 F = Vault count percentage of total count
                 A         B        C        D         E       F
            +---------+---------+-------+---------+---------+-------
      Total |      95 |       0 |   0.0 |      38 |       0 |   0.0
            +---------+---------+-------+---------+---------+-------
        D:1 |      28 |       0 |   0.0 |      18 |       0 |   0.0
        D:2 |      46 |       0 |   0.0 |      15 |       0 |   0.0
        D:3 |      21 |       0 |   0.0 |       5 |       0 |   0.0
            +---------+---------+-------+---------+---------+-------
